Map: Rhoskallian LE

Players

Massa - Winner!

  • Race: Terran Terran
  • League: Gold
  • Spawn Location: 12:00

qqq - Winner!

  • Race: Protoss Protoss
  • Spawn Location: 11:00

TaSeAn

  • Race: Protoss Protoss
  • League: Gold
  • Spawn Location: 6:00

Gavrik

  • Race: Protoss Protoss
  • League: Gold
  • Spawn Location: 5:00

VOD

Have the link to the VOD?

Description

Time

  • Played on: July 18, 2020, 10:24 a.m.
  • Length: 12:56
Show
View Real Time Build Order
Export as new Build Order

Massa Terran - Winner!

Build Orders:  

Get SALT Encoding   

  12  0:03  SCV  
  13  0:17  Supply Depot  
  13  0:18  SCV  
  14  0:30  SCV  
  15  0:42  SCV, Barracks  
  16  0:50  Refinery  
  16  0:55  SCV  
  17  1:07  SCV  
  18  1:19  SCV  
  19  1:30  Supply Depot  
  19  1:31  SCV  
  20  1:34  Barracks Tech Lab  
  20  1:43  SCV  
  21  1:56  Orbital Command  
  21  1:57  Marauder  
  21  2:00  Barracks  
  22  2:13  Concussive Shells  
  22  2:19  Marauder  
  24  2:35  SCV  
  25  2:40  Marauder  
  27  2:50  Command Center  
  27  2:52  Barracks Tech Lab  
  27  3:01  Marauder  
  29  3:12  Marauder  
  31  3:19  Supply Depot  
  31  3:36  Stimpack  
  31  3:41  SCV, Marauder x2  
  36  3:42  Supply Depot  
  36  3:43  Supply Depot  
  36  3:49  Supply Depot  
  36  3:59  Bunker  
  36  4:05  Marauder  
  36  4:09  SCV  
  39  4:13  Supply Depot  
  31  4:41  Engineering Bay  
  27  5:10  Marauder x2  
  29  5:32  Marauder x2  
  31  5:53  Marauder x2  
  31  6:06  Missile Turret  
  31  6:14  Marauder x2  
  35  6:36  Marauder x2  
  39  6:57  Marauder x2  
  37  7:18  Marauder  
  35  7:43  Marauder x2  
  39  7:48  Barracks  
  39  7:49  Factory  
  39  7:50  Orbital Command  
  40  7:51  SCV  
  40  8:01  Missile Turret  
  40  8:03  SCV  
  40  8:04  Marauder  
  43  8:56  Factory Tech Lab  
  43  9:00  Barracks Tech Lab  
  43  9:01  Marauder x2  
  48  9:02  SCV  
  48  9:03  SCV  
  49  9:14  SCV  
  49  9:15  SCV  
  51  9:22  Marauder  
  53  9:27  SCV  
  54  9:36  Supply Depot  
  54  9:37  Supply Depot  
  54  9:38  Supply Depot  
  54  9:47  Barracks  
  54  9:55  Terran Infantry Weapons Level 1  
  54  9:58  SCV x2, Marauder x2  
  60  10:01  Supply Depot  
  60  10:02  Supply Depot  
  60  10:03  Missile Turret  
  60  10:08  Refinery, Siege Tank  
  60  10:10  SCV x2  
  65  10:19  Marauder x2  
  69  10:22  SCV x2  
  71  10:34  SCV x2  
  73  10:35  Barracks Reactor  
  73  10:41  Marauder  
  73  10:42  Refinery  
  75  11:34  Barracks  
  75  11:39  Marauder x3  
  81  11:49  Marine x2  
  81  11:53  SCV x2  
  85  12:00  Marauder x3  
  91  12:05  SCV x2  
  91  12:07  Marine  
  94  12:17  Supply Depot  
  94  12:18  Supply Depot  
  94  12:19  Supply Depot x2  
  94  12:20  Supply Depot  
  94  12:34  Marine  
  94  12:35  SCV  
  94  12:38  SCV  
Show
View Real Time Build Order
Export as new Build Order

qqq Protoss - Winner!

Build Orders: 1 Gate Expand, Phoenix Opening 

Get SALT Encoding   

  12  0:04  Probe  
  13  0:20  Pylon  
  13  0:31  Probe  
  13  0:34  Pylon  
  14  0:44  Gateway  
  14  0:53  Pylon  
  14  1:24  Nexus  
  14  1:27  Probe  
  15  1:41  Cybernetics Core  
  15  1:47  Probe  
  16  2:11  Assimilator  
  16  2:13  Probe  
  16  2:15  Assimilator  
  17  2:25  Probe  
  18  2:37  Probe  
  19  2:45  Probe  
  19  2:49  Probe  
  21  2:57  Probe  
  22  3:01  Probe  
  23  3:06  Stargate  
  23  3:09  Probe  
  24  3:13  Probe  
  25  3:21  Probe  
  25  3:25  Probe  
  27  3:33  Probe  
  28  3:36  Stargate  
  28  3:37  Probe  
  29  3:43  Phoenix  
  29  3:44  Forge  
  29  3:45  Probe  
  30  3:50  Probe  
  33  3:58  Probe  
  34  4:10  Probe  
  34  4:14  Phoenix  
  37  4:22  Probe  
  38  4:33  Phoenix  
  38  4:34  Probe  
  41  4:46  Probe  
  41  4:51  Phoenix  
  44  4:58  Probe  
  45  5:09  Phoenix  
  47  5:16  Probe  
  47  5:19  Assimilator  
  48  5:22  Nexus, Assimilator  
  48  5:24  Pylon  
  48  5:27  Pylon  
  48  5:28  Probe  
  45  5:36  Phoenix  
  45  5:40  Probe, Nexus  
  45  5:42  Pylon  
  48  5:44  Pylon  
  48  5:52  Probe  
  48  5:56  Protoss Air Weapons Level 1  
  49  6:03  Photon Cannon, Pylon  
  49  6:04  Probe  
  50  6:13  Phoenix  
  50  6:16  Probe, Phoenix  
  55  6:28  Probe  
  56  6:40  Probe  
  57  6:52  Phoenix  
  61  6:55  Probe x2  
  61  6:57  Void Ray  
  61  6:58  Photon Cannon  
  63  7:01  Photon Cannon  
  63  7:07  Probe x2  
  67  7:14  Photon Cannon  
  67  7:17  Photon Cannon, Phoenix  
  67  7:19  Probe x2  
  71  7:31  Probe x2  
  73  7:42  Phoenix  
  73  7:43  Probe x2  
  77  7:55  Probe x2  
  79  8:03  Void Ray  
  79  8:05  Protoss Air Armor Level 1  
  83  8:07  Probe x2, Phoenix  
  83  8:09  Assimilator  
  87  8:13  Assimilator  
  87  8:14  Photon Cannon  
  87  8:16  Photon Cannon  
  87  8:17  Photon Cannon  
  87  8:18  Photon Cannon  
  87  8:19  Probe  
  89  8:20  Probe, Assimilator  
  89  8:24  Assimilator  
  89  8:29  Fleet Beacon  
  89  8:31  Probe  
  89  8:32  Probe, Phoenix  
  93  8:43  Probe  
  93  8:44  Probe, Stargate  
  93  8:45  Phoenix, Pylon  
  93  8:48  Pylon  
  97  8:53  Pylon  
  97  8:55  Pylon  
  97  8:56  Probe x2  
  97  8:59  Pylon  
  97  9:01  Stargate  
  99  9:04  Phoenix  
  99  9:08  Probe x2  
  103  9:20  Probe x2  
  105  9:25  Carrier  
  105  9:29  Tempest  
  116  9:32  Probe x2  
  118  9:44  Probe x2  
  120  9:49  Carrier  
  120  9:50  Tempest  
  131  9:56  Probe x2  
  131  9:58  Anion Pulse-Crystals  
  133  10:08  Probe x2, Photon Cannon  
  133  10:10  Photon Cannon  
  133  10:12  Tempest  
  140  10:15  Photon Cannon  
  140  10:20  Probe x2  
  142  10:32  Probe, Protoss Air Weapons Level 2  
  142  10:33  Probe  
  142  10:35  Carrier  
  150  10:43  Pylon  
  150  10:46  Pylon  
  150  10:53  Pylon  
  150  10:57  Pylon  
  150  11:01  Mothership  
  158  11:04  Pylon  
  158  11:16  Tempest  
  158  11:17  Carrier  
  169  11:19  Carrier  
  175  11:31  Probe x2  
  177  11:39  Tempest  
  182  11:43  Probe x2  
Show
View Real Time Build Order
Export as new Build Order

TaSeAn Protoss 

Build Orders:  

Get SALT Encoding   

  12  0:16  Pylon  
  12  0:18  Probe  
  13  0:35  Forge  
  13  0:45  Gateway  
  13  0:56  Pylon  
  13  1:08  Probe  
  13  1:16  Probe  
  15  1:25  Probe  
  16  1:32  Photon Cannon  
  16  1:38  Probe  
  17  1:50  Probe  
  17  1:51  Pylon  
  18  2:00  Assimilator  
  18  2:02  Probe  
  18  2:03  Assimilator  
  19  2:13  Photon Cannon  
  19  2:14  Probe  
  20  2:26  Probe  
  21  2:38  Probe  
  21  2:41  Pylon  
  22  2:46  Probe  
  23  3:06  Photon Cannon  
  23  3:15  Photon Cannon  
  23  3:25  Pylon  
  23  3:37  Pylon  
  23  3:51  Photon Cannon  
  23  4:01  Photon Cannon  
  23  4:02  Photon Cannon  
  23  4:04  Photon Cannon  
  23  4:14  Cybernetics Core  
  23  4:45  Pylon  
  23  5:07  Photon Cannon  
  23  5:09  Photon Cannon  
  23  5:15  Photon Cannon  
  23  5:48  Pylon  
  22  6:08  Photon Cannon  
  22  6:13  Pylon  
  22  6:20  Shield Battery  
  22  6:40  Photon Cannon  
  22  6:41  Photon Cannon  
  8  8:22  Pylon  
  7  8:33  Pylon  
  7  8:45  Photon Cannon  
  7  8:47  Photon Cannon  
  7  9:21  Pylon  
  6  9:43  Probe  
  6  9:51  Probe  
  8  10:00  Probe  
  9  10:12  Probe  
  10  10:24  Probe, Twilight Council  
  11  10:35  Probe  
  12  10:43  Probe  
  13  10:52  Probe  
  14  11:03  Probe  
  15  11:08  Dark Shrine  
  15  11:15  Probe  
  16  11:37  Pylon  
Show
View Real Time Build Order
Export as new Build Order

Gavrik Protoss 

Build Orders: Oracle Opening 

Get SALT Encoding   

  12  0:02  Probe  
  14  0:14  Probe  
  14  0:20  Pylon  
  14  0:26  Assimilator  
  14  0:30  Probe  
  15  0:42  Probe  
  16  0:54  Probe  
  17  1:06  Probe  
  17  1:08  Gateway  
  18  1:14  Probe  
  18  1:22  Probe  
  18  1:24  Assimilator  
  19  1:31  Pylon  
  20  1:33  Probe  
  21  1:45  Probe  
  22  1:57  Probe  
  23  2:09  Probe  
  23  2:10  Cybernetics Core  
  24  2:21  Probe  
  25  2:25  Nexus  
  25  2:33  Probe  
  26  2:45  Probe  
  27  2:52  Stargate  
  27  2:55  Stargate  
  27  3:01  Assimilator  
  27  3:05  Assimilator  
  27  3:06  Probe  
  28  3:24  Pylon  
  28  3:28  Probe  
  29  3:37  Oracle  
  29  3:38  Oracle  
  35  3:41  Probe  
  35  3:47  Probe  
  37  3:53  Probe  
  38  4:00  Probe  
  39  4:06  Probe  
  40  4:12  Probe  
  41  4:18  Probe  
  41  4:24  Probe  
  43  4:30  Probe  
  44  4:33  Void Ray  
  44  4:34  Void Ray  
  44  4:36  Probe  
  45  4:42  Probe  
  54  4:48  Probe  
  52  4:54  Probe  
  48  5:15  Fleet Beacon  
  44  5:32  Void Ray  
  44  5:35  Void Ray  
  30  6:08  Probe  
  31  6:20  Probe  
  29  6:28  Void Ray  
  29  6:29  Void Ray  
  29  6:32  Probe  
  33  6:44  Probe  
  26  6:56  Probe  
  27  7:18  Shield Battery  
  27  7:19  Shield Battery  
    10:07  Probe  
  1  10:19  Probe  
  2  10:27  Pylon  
  2  10:31  Probe  
  3  10:44  Probe  
  4  10:56  Probe  
  5  11:01  Gateway  
  5  11:11  Probe  
  6  11:19  Probe  
  7  11:28  Probe  
  8  11:40  Probe  
  9  11:52  Probe  
  10  11:59  Pylon  
  10  12:04  Probe  
  11  12:14  Pylon  
  11  12:16  Probe  
  11  12:18  Pylon  
  11  12:20  Pylon  
  11  12:22  Pylon  
  12  12:24  Pylon  
  12  12:39  Forge  
Tags
 
Add a new tag
Caveats
  • Supply blocks, unpowered buildings, or Contaminate may cause inaccurate times.
  • Supply counts are checked every 10 seconds.